 Seeded DCSS version 0.28-a0-819-g6ef7baa362 (webtiles) character file.

Game seed: 6029590832595441368 (custom seed)

19047 cheechan the Cleaver (level 12, -8/114 HPs)
             Began as a Naga Fighter on Nov 8, 2021.
             Was the Champion of Okawaru.
             Mangled by an orc warlord (16 damage)
             ... on level 2 of the Orcish Mines.
             The game lasted 00:52:49 (12919 turns).

cheechan the Cleaver (Naga Fighter)                Turns: 12919, Time: 00:52:50

Health: -8/114     AC: 24    Str: 26    XL:     12   Next: 64%
Magic:  11/12      EV: 12    Int: 10    God:    Okawaru [******]
Gold:   2032       SH: 10    Dex: 21    Spells: 11/11 levels left

rFire   . . .      SeeInvis +   t - +10 hand axe "Ochagg" {flame, rN+ Stlth+}
rCold   x . .      Faith    +   c - +2 buckler
rNeg    + . .      Spirit   .   J - +4 ring mail {rPois}
rPois   +          Reflect  .   K - +1 hat
rElec   +          Harm     .   N - +0 cloak
rCorr   +          Rampage  .   A - +0 pair of gloves
Will    +++..                   I - +0 barding "Ruam" {rElec rC- Will++ rCorr}
Stlth   +++++.....              d - amulet of faith
HPRegen 0.29/turn               O - +6 ring of dexterity
MPRegen 0.13/turn               C - +6 ring of strength

@: mighty, heroic, on berserk cooldown, slowed, very slow
A: AC +4, large, see invisible, deformed body, poison resistance, slowness 2,
spit poison 1, naga tail 1, antennae 1, clever 1
a: Spit Poison, Renounce Religion, Heroism, Finesse, Duel


You were on level 2 of the Orcish Mines.
You worshipped Okawaru.
Okawaru was exalted by your worship.
You visited 3 branches of the dungeon, and saw 14 of its levels.
You also visited: Sewer.

You collected 2032 gold pieces.

Inventory:

Hand Weapons
 n - the +2 battleaxe of the Ancients {protect, rF+ SInv}
   (Okawaru gifted it to you on level 8 of the Dungeon)

   It grants its wielder temporary protection when it strikes (+7 to AC).
   rF:        It protects you from fire.
   SInv:      It lets you see invisible.
 q - the +6 short sword of Lies {flame, rElec Int-3 Dex+4 Stlth+}
   (You found it on level 8 of the Dungeon)

   It burns those it strikes, dealing additional fire damage.
   Int:       It affects your intelligence (-3).
   Dex:       It affects your dexterity (+4).
   rElec:     It insulates you from electricity.
   Stlth:     It makes you more stealthy.
 t - the +10 hand axe "Ochagg" (weapon) {flame, rN+ Stlth+}
   (You found it on level 5 of the Dungeon)

   It burns those it strikes, dealing additional fire damage.
   Big, fiery blades are also staple armaments of hydra-hunters.
   rN:        It protects you from negative energy.
   Stlth:     It makes you more stealthy.
 F - a +3 whip of flaming
 P - the +3 rapier "Witwaseu" {flame, Int+2 SInv}
   (You found it on level 11 of the Dungeon)

   It burns those it strikes, dealing additional fire damage.
   Int:       It affects your intelligence (+2).
   SInv:      It lets you see invisible.
Missiles
 f - 64 arrows
 v - 84 bolts
 w - 61 sling bullets
 H - 7 curare-tipped darts
Armour
 c - a +2 buckler (worn)
 e - a +2 ring mail of fire resistance
 x - a +0 kite shield
 A - a +0 pair of gloves (worn)
 I - the +0 barding "Ruam" (worn) {rElec rC- Will++ rCorr}
   (Okawaru gifted it to you on level 9 of the Dungeon)

   rC:        It makes you vulnerable to cold.
   rElec:     It insulates you from electricity.
   rCorr:     It protects you from acid and corrosion.
   Will:      It greatly increases your willpower.
 J - a +4 ring mail of poison resistance (worn)
 K - a +1 hat (worn)
 N - a +0 cloak (worn)
Jewellery
 d - an amulet of faith (around neck)
 i - a +4 ring of protection
 l - an amulet of the acrobat
 C - a +6 ring of strength (right hand)
 O - a +6 ring of dexterity (left hand)
 Q - a ring of protection from fire
Wands
 a - a wand of polymorph (8) (quivered)
 y - a wand of flame (34)
 z - a wand of acid (8)
 E - a wand of iceblast (9)
Scrolls
 m - 3 scrolls of noise
 s - 6 scrolls of teleportation
 B - 2 scrolls of summoning
Potions
 b - 2 potions of attraction
 g - 2 potions of ambrosia
 h - a potion of curing
 k - 3 potions of brilliance
 o - 4 potions of lignification
 p - 3 potions of haste
 r - a potion of invisibility {unknown}
 u - 2 potions of flight
 L - 4 potions of resistance


   Skills:
 + Level 9.0(14.0) Fighting
 + Level 13.0(18.0) Axes
 + Level 9.5(14.5) Armour
 + Level 3.5(8.5) Dodging
 + Level 3.9(8.9) Stealth
 + Level 6.1(11.1) Shields
 + Level 1.1 Evocations


You had 11 spell levels left.
You didn't know any spells.
Your spell library contained the following spells:

 Spells                   Type           Power      Damage    Failure   Level
 Foxfire                  Conj/Fire      0%         2x1d4     45%         1
 Shock                    Conj/Air       0%         1d3       45%         1
 Passwall                 Tmut/Erth      0%         N/A       58%         2
 Conjure Flame            Conj/Fire      0%         6-21      83%         3
 Frozen Ramparts          Ice            0%         1d2       83%         3
 Ignite Poison            Fire/Tmut/Pois 0%         N/A       83%         3
 Inner Flame              Hex/Fire       0%         N/A       83%         3
 Swiftness                Air            0%         N/A       83%         3
 Airstrike                Air            0%         N/A       99%         4
 Flame Wave               Conj/Fire      0%         3d3       99%         4
 Ice Form                 Ice/Tmut       0%         N/A       99%         4
 Sticky Flame             Conj/Fire      0%         2d3       99%         4
 Dispersal                Tloc           0%         N/A       100%        6
 Invisibility             Hex            0%         N/A       100%        6
 Disjunction              Tloc           0%         N/A       100%        8
 Summon Ice Beast         Ice/Summ       Unusable   N/A       N/A         4

Dungeon Overview and Level Annotations

Branches:
Dungeon (11/15)            Temple (1/1) D:4            Lair (0/6) D:9
    Orc (2/2) D:11            Elf (0/3) Orc:2         Sewer (visited)

Altars:
Ashenzari
Cheibriados
Dithmenos
Elyvilon
Fedhas
Gozag
Hepliaklqana
Kikubaaqudgha
Makhleb
Nemelex Xobeh
Okawaru
Qazlal
Ru
Sif Muna
Trog
Uskayaw
Vehumet
Wu Jian
Xom
Yredelemnul
Zin
The Shining One

Shops:
D:5 ?([=

Annotations:
D:7 exclusion: oklob plant
D:9 2 transporters, cheechan's ghost, novice PaGl
Orc:1 1 runed translucent door, Lenoorr's ghost, journeyman DDFi


Innate Abilities, Weirdness & Mutations

Your serpentine skin is tough. (AC +4)
You have supernaturally acute eyesight. (SInv)
Armour fits poorly on your strangely shaped body.
Your system is resistant to poisons. (rPois)
You cover ground very slowly.
You can spit poison.
You have a snake-like lower body.
You have a pair of small antennae on your head.
Your mind is acute. (Int +2)


Message History

You kill the warg!
Okawaru accepts your kill.
The orc warlord hits you with a +0 great mace.
You hit the orc warlord but do no damage.
The orc warlord is moderately wounded.
The orc warlord hits you with a +0 great mace!!
You feel much better. The orc warlord closely misses you.
Okay, then.
You gain the combat prowess of a mighty hero.
The orc warlord hits you but does no damage.
The orc warlord hits you with a +0 great mace!
You feel better. You block the orc warlord's attack.
You barely miss the orc warlord.
The orc warlord is moderately wounded.
You block the orc warlord's attack.
You hit the orc warlord but do no damage.
The orc warlord is moderately wounded.
A warg comes into view.
The orc warlord hits you with a +0 great mace!!
You feel very mighty all of a sudden.
The orc warlord hits you with a +0 great mace!
* * * LOW HITPOINT WARNING * * *
The orc warlord hits you with a +0 great mace!
* * * LOW HITPOINT WARNING * * *
Okay, then.
As you read the scroll of fear, it crumbles to dust.
You assume a fearsome visage.
The warg looks frightened!
The warg howls!
The orc warlord resists with some effort.
You hear a shout!
The orc warlord hits you with a +0 great mace.
* * * LOW HITPOINT WARNING * * *
Okay, then.
Aiming: Polymorph
Press: ? - help, Q - select action, (/) - cycle Shift-Dir - straight line, f - orc warlord
Aim: an orc warlord, wielding a +0 great mace and wearing a +2 plate armour of willpower (moderately wounded, will become a frost giant, a torpor snail, or an alligator snapping turtle, chance to affect: 2%)
The orc warlord resists with almost no effort.
The orc warlord closely misses you.
The orc warlord hits you with a +0 great mace!
You die...

.>....#.## ...
.........# ....
..........##....
#.........#.....
#..$...........
#.............
###<...o.......
##.....)@)......
#.^....)))......
#.#...)))......
.#.###.....))......
.......<....$......
.#...........##$...
###........## ....
.......$.### ...
#......... ..


You could see an orc warlord.

Vanquished Creatures
  Gastronok (D:10)
  2 ettins (Orc:1)
  2 hydras
  A boulder beetle (D:11)
  Erica (D:8)
  3 two-headed ogres
  Nergalle (Orc:1)
  An orc knight (Orc:1)
  Pikel (D:7)
  An orc sorcerer (Orc:1)
  2 cyclopes
  3 centaur zombies
  3 komodo dragons (D:9)
  A troll (Orc:1)
  A shadow (D:5)
  2 wraiths
  3 wyverns
  11 yaks
  Grum (D:8)
  3 steam dragons
  2 wargs
  3 water moccasins
  An acid dragon (D:9)
  Duvessa (D:7)
  11 orc warriors
  2 sky beasts
  3 black bears
  2 ice beasts
  2 necrophages
  3 ogres
  3 wolves (D:8)
  3 lemures (D:7)
  A kobold brigand (D:9)
  4 bullfrogs
  A wyvern zombie (D:7)
  Dowan (D:7)
  3 howler monkeys
  4 jellies
  11 orc priests
  A bullfrog skeleton (D:6)
  2 gnoll shamans
  2 hounds
  A centaur skeleton (D:7)
  Ijyb (D:3)
  2 iguanas
  17 orc wizards
  3 killer bee zombies
  A howler monkey zombie (D:10)
  12 gnolls
  5 adders
  2 shadow imps
  A white imp (D:5)
  An ufetubus (D:6)
  An adder skeleton (D:4)
  A worm (D:5)
  2 dart slugs (D:1)
  48 orcs
  28 endoplasms
  3 giant cockroaches
  9 goblins
  11 hobgoblins
  2 jackals (D:1)
  A quokka (D:4)
  10 ball pythons
  11 bats
  3 frilled lizards
  10 kobolds
  6 rats
  A spectral hobgoblin (D:1)
303 creatures vanquished.

Vanquished Creatures (others)
  4 fungi (D:7)
  5 plants (D:8)
9 creatures vanquished.

Grand Total: 312 creatures vanquished

Notes
Turn   | Place    | Note
-------+----------+-------------------------------------------
     0 | D:1      | cheechan the Naga Fighter began the quest for the Orb.
     0 | D:1      | Reached XP level 1. HP: 21/21 MP: 1/1
    11 | D:1      | Noticed a wyvern
    11 | D:1      | Noticed a salamander
    12 | D:1      | Noticed a swamp worm
    82 | D:1      | Found a faded altar of an unknown god.
   162 | D:1      | Reached XP level 2. HP: 22/28 MP: 2/2
   395 | D:1      | Reached XP level 3. HP: 34/34 MP: 3/3
  1003 | D:1      | You fall into a shaft and drop 1 floor!
  1531 | D:2      | Reached XP level 4. HP: 38/42 MP: 4/4
  1613 | D:2      | Reached skill level 3 in Axes
  2151 | D:3      | Noticed Ijyb
  2165 | D:3      | Paralysed by Ijyb for 2 turns
  2168 | D:3      | Killed Ijyb
  2169 | D:3      | Reached XP level 5. HP: 27/49 MP: 5/5
  2678 | D:4      | Reached skill level 4 in Axes
  2678 | D:4      | Reached XP level 6. HP: 16/57 MP: 6/6
  2844 | D:4      | Found a staircase to the Ecumenical Temple.
  2864 | Temple   | Entered the Ecumenical Temple
  2917 | Temple   | Became a worshipper of Warmaster Okawaru
  2995 | D:4      | Found a glowing drain.
  3016 | Sewer    | Entered a sewer
  3049 | Sewer    | Noticed a water moccasin
  3058 | Sewer    | Killed a water moccasin
  3132 | D:4      | Found a sacrificial altar of Ru.
  3490 | D:4      | Reached skill level 5 in Axes
  3490 | D:4      | Reached XP level 7. HP: 5/64 MP: 7/7
  4098 | D:5      | Entered Level 5 of the Dungeon
  4113 | D:5      | Reached skill level 1 in Stealth
  4113 | D:5      | Found Zoczoun's Antique Armour Shop.
  4456 | D:5      | Identified the +10 hand axe "Ochagg" {flame, rN+ Stlth+}
  4520 | D:5      | Noticed a shadow
  4530 | D:5      | Killed a shadow
  4553 | D:5      | Found Syum's Magic Scroll Shop.
  4744 | D:5      | Found Xuepij's Jewellery Shop.
  4751 | D:5      | Reached * piety under Okawaru
  4879 | D:5      | Reached skill level 6 in Axes
  4879 | D:5      | Reached XP level 8. HP: 43/73 MP: 8/8
  4886 | D:5      | Reached skill level 5 in Armour
  5008 | D:5      | Found Kaygh's Weapon Emporium.
  5313 | D:6      | Reached skill level 1 in Dodging
  5318 | D:6      | Reached ** piety under Okawaru
  5598 | D:6      | Reached skill level 5 in Fighting
  5598 | D:6      | Reached skill level 7 in Axes
  5811 | D:6      | Reached XP level 9. HP: 76/81 MP: 9/9
  6073 | D:6      | Noticed a two-headed ogre
  6084 | D:6      | Killed a two-headed ogre
  6084 | D:6      | Reached *** piety under Okawaru
  6694 | D:7      | Noticed Duvessa
  6696 | D:7      | Noticed Dowan
  6702 | D:7      | Killed Dowan
  6704 | D:7      | Killed Duvessa
  6704 | D:7      | Reached **** piety under Okawaru
  6705 | D:7      | Reached skill level 8 in Axes
  6705 | D:7      | Noticed Pikel
  6715 | D:7      | Killed Pikel
  6716 | D:7      | Reached XP level 10. HP: 60/91 MP: 10/10
  6884 | D:7      | Noticed an oklob plant
  7640 | D:8      | Noticed a two-headed ogre
  7648 | D:8      | Killed a two-headed ogre
  7648 | D:8      | Reached ***** piety under Okawaru
  7648 | D:8      | Identified the +2 battleaxe of the Ancients {protect, rF+
                  | SInv} (Okawaru gifted it to you on level 8 of the Dungeon)
  7648 | D:8      | Received a gift from Okawaru
  7649 | D:8      | Reached skill level 9 in Axes
  8067 | D:8      | Identified the +6 short sword of Lies {flame, rElec Int-3
                  | Dex+4 Stlth+}
  8156 | D:8      | Identified a scroll of acquirement
  8156 | D:8      | Acquired 1020 gold pieces
  8284 | D:8      | Noticed Grum
  8289 | D:8      | Killed Grum
  8376 | D:8      | Noticed Erica
  8390 | D:8      | Killed Erica
  8391 | D:8      | Reached skill level 10 in Axes
  8391 | D:8      | Reached skill level 5 in Shields
  8623 | D:9      | Identified the +0 barding "Ruam" {rElec rC- Will++ rCorr}
                  | (Okawaru gifted it to you on level 9 of the Dungeon)
  8623 | D:9      | Received a gift from Okawaru
  8628 | D:9      | Reached XP level 11. HP: 74/99 MP: 11/11
  8765 | D:9      | Found a bloodstained altar of Trog.
  8767 | D:9      | Noticed cheechan's ghost (novice PaGl)
  8786 | D:9      | Found a transporter.
  8800 | D:9      | Noticed a two-headed ogre
  8801 | D:9      | Noticed a moth of wrath
  8803 | D:9      | Noticed a tengu warrior
  8806 | D:9      | Found a transporter.
  8929 | D:9      | Gained mutation: You have a pair of small antennae on your
                  | head. [potion of mutation]
  8929 | D:9      | Gained mutation: Your mind is acute. (Int +2) [potion of
                  | mutation]
  9500 | D:9      | Noticed a cyclops
  9621 | D:9      | Killed a cyclops
  9622 | D:9      | Reached skill level 11 in Axes
  9643 | D:9      | Found a staircase to the Lair.
 10007 | D:10     | Entered Level 10 of the Dungeon
 10056 | D:10     | Noticed an eight-headed hydra
 10068 | D:10     | Killed a one-headed hydra
 10406 | D:10     | Reached skill level 1 in Evocations
 10606 | D:10     | Noticed Gastronok
 10626 | D:10     | Killed Gastronok
 10938 | D:11     | Noticed a cyclops
 10950 | D:11     | Killed a cyclops
 10950 | D:11     | Received a gift from Okawaru
 11116 | D:11     | Found a staircase to the Orcish Mines.
 11299 | D:11     | Identified the +3 rapier "Witwaseu" {flame, Int+2 SInv}
 11370 | D:11     | Noticed a boulder beetle
 11383 | D:11     | Killed a boulder beetle
 11383 | D:11     | Reached ****** piety under Okawaru
 11384 | D:11     | Reached skill level 12 in Axes
 11384 | D:11     | Reached XP level 12. HP: 96/110 MP: 12/12
 11424 | D:11     | Noticed a two-headed ogre
 11431 | D:11     | Killed a two-headed ogre
 11443 | D:11     | Noticed a four-headed hydra
 11448 | D:11     | Killed a one-headed hydra
 11517 | Orc:1    | Entered Level 1 of the Orcish Mines
 11738 | Orc:1    | Noticed Nergalle
 11759 | Orc:1    | Killed Nergalle
 11763 | Orc:1    | Noticed an ettin
 11771 | Orc:1    | Killed an ettin
 12092 | Orc:1    | Received a gift from Okawaru
 12410 | Orc:1    | Found a runed translucent door.
 12410 | Orc:1    | Found a shimmering altar of Xom.
 12410 | Orc:1    | Noticed Lenoorr's ghost (journeyman DDFi)
 12436 | Orc:1    | Noticed an ettin
 12452 | Orc:1    | Killed an ettin
 12453 | Orc:1    | Reached skill level 13 in Axes
 12878 | Orc:2    | Entered Level 2 of the Orcish Mines
 12886 | Orc:2    | Noticed an orc warlord
 12903 | Orc:2    | Found a staircase to the Elven Halls.
 12919 | Orc:2    | Mangled by an orc warlord

Illustrated notes

Levels and vault maps discovered:
D:1:      onia_arrival_zoo_common, layout_basic,
          dreamdust_ecumenical_altar_drowned_temple
D:2:      layout_loops_cross
D:3:      layout_basic, uniq_ijyb
D:4:      layout_gridville, nicolae_ru_awakened_eye,
          minmay_temple_entry_drinking_statues, cheibrodos_sewer_entry_drain
D:5:      layout_cave_pods, serial_shops, shop_fountains,
          nicolae_shop_waterfront, shop, nicolae_stop_n_shop_1
D:6:      layout_basic, minivault_24, hangedman_decor_slide_cut
D:7:      lemuel_slime, layout_basic, uniq_duvessa, uniq_pikel
D:8:      nzn_winding_woodlands_cross
          [nzn_winding_woodlands_5x15_pathside_ponds,
          nzn_winding_woodlands_5x15_garden,
          nzn_winding_woodlands_5x15_split_checker,
          nzn_winding_woodlands_5x15_twine,
          nzn_winding_woodlands_15x15_thick_spiral], layout_loops_ring,
          uniq_grum, uniq_erica
D:9:      layout_irregular_city, erik_lair_dragon,
          gammafunk_ghost_wrathful_warriors
D:10:     layout_roguey, uniq_gastronok
D:11:     layout_loops_ring, orc_0_dummy
Temple:   kilobyte_greek_temple
Orc:1:    layout_caves, ebering_ghost_xom, mines2_lemuel, uniq_nergalle
Orc:2:    st_orc_congregation, layout_diamond_mine

Skill      XL: |  1  2  3  4  5  6  7  8  9 10 11 12 |
---------------+-------------------------------------+-----
Axes           | 3 4 5 6 7 8 10 12 13 | 13.0
Armour         | 3 4 5 6 8 9 |  9.5
Shields        | 3 4 5 6 |  6.1
Fighting       | 4 5 6 8 9 |  9.0
Stealth        | 2 3 |  3.9
Dodging        | 1 2 3 |  3.5
Evocations     | 1 |  1.1

Action                   |  1- 3 |  4- 6 |  7- 9 | 10-12 || total
-------------------------+-------+-------+-------+-------++-------
Melee: War axe           |   112 |   137 |    35 |       ||   284
       Hand axe          |       |       |   129 |   430 ||   559
Invok: Heroism           |       |       |       |     1 ||     1
 Abil: Spit Poison       |     8 |     5 |     4 |    17 ||    34
Evoke: Wand              |       |     3 |     1 |     5 ||     9
  Use: Scroll            |     1 |     8 |     4 |    11 ||    24
       Potion            |       |     1 |       |     8 ||     9
 Stab: Paralysed         |       |     3 |     2 |       ||     5
Armor: Chain mail        |   106 |   119 |   102 |   169 ||   496
       Scale mail        |     1 |       |       |       ||     1
       Ring mail         |       |       |       |    23 ||    23
Dodge: Dodged            |    44 |    65 |    51 |   104 ||   264
Block: Buckler           |    38 |    31 |    66 |   125 ||   260

Table legend: (Time is in decaauts)
 A = Elapsed time spent in this place.
 B = Non-inter-level travel time spent in this place.
 C = Inter-level travel time spent in this place.
 D = Time resting spent in this place.
 E = Time spent auto-exploring this place.
 F = Levels seen in this place.
 G = Mean time per level.
                   A        B        C        D        E       F      G
               +--------+--------+--------+--------+--------+-----+--------+
         Total |  16750 |  16750 |      0 |   2151 |      0 |  15 | 1116.7 |
       Dungeon |  14904 |  14904 |      0 |   1468 |      0 |  11 | 1354.9 |
        Temple |    127 |    127 |      0 |      0 |      0 |   1 |  127.0 |
  Orcish Mines |   1597 |   1597 |      0 |    683 |      0 |   2 |  798.5 |
         Sewer |    120 |    120 |      0 |      0 |      0 |   1 |  120.0 |
               +--------+--------+--------+--------+--------+-----+--------+

Top non-repeatable levels by time:
     D:7: 1863 daAuts
     D:9: 1750 daAuts
     D:4: 1638 daAuts
     D:5: 1590 daAuts
   Orc:1: 1562 daAuts
     D:1: 1401 daAuts
     D:8: 1358 daAuts
     D:2: 1210 daAuts
    D:10: 1167 daAuts
     D:6: 1095 daAuts
     D:3: 1007 daAuts
    D:11: 823 daAuts
  Temple: 127 daAuts
   Sewer: 120 daAuts
   Orc:2: 35 daAuts
